 Dungeon Crawl Stone Soup version 0.22-a0-877-g5c4e1afb51 (console) character file.

183 Lexodia the Cudgeler (level 5, -2/54 HPs)
             Began as an Ogre Berserker on July 29, 2018.
             Was a Believer of Trog.
             Killed from afar by Necrophagist's ghost (7 damage)
             ... with a magic dart
             ... on level 3 of the Dungeon.
             The game lasted 00:06:01 (3254 turns).

Lexodia the Cudgeler (Ogre Berserker)               Turns: 3254, Time: 00:06:02

Health: -2/54      AC:  3    Str: 22    XL:     5   Next: 62%
Magic:  5/5        EV: 10    Int:  8    God:    Trog [**....]
Gold:   148        SH:  0    Dex:  8    Spells: 4/4 levels left

rFire    . . .     SeeInvis .   s - +0 flail
rCold    . . .     Gourm    .   (no shield)
rNeg     . . .     Faith    .   b - +0 animal skin
rPois    .         Spirit   .   (helmet restricted)
rElec    .         Reflect  .   (no cloak)
rCorr    .         Harm     .   (gloves unavailable)
MR       ++...                  (boots unavailable)
Stlth    +.........             (no amulet)
HPRegen  1.18/turn              (no ring)
MPRegen  0.09/turn              (no ring)

@: lethally poisoned (-2 -> -3), about to teleport, regenerating
A: large, unfitting armour, tough skin 1
a: Berserk, Trog's Hand, Renounce Religion


You were on level 3 of the Dungeon.
You worshipped Trog.
Trog was pleased with you.
You were hungry.

You visited 1 branch of the dungeon, and saw 3 of its levels.

You collected 148 gold pieces.

Inventory:

Hand Weapons
 a - a +0 mace
 j - a +0 whip
 s - a +0 flail (weapon)
Armour
 b - a +0 animal skin (worn)
Jewellery
 g - an uncursed ring of wizardry {unknown}
Scrolls
 e - a scroll of amnesia {unknown}
 f - 4 scrolls of identify {unknown}
 h - a scroll of noise {unknown}
 k - 3 scrolls of teleportation {unknown}
 m - 3 scrolls of remove curse {unknown}
 p - a scroll of enchant armour {unknown}
Potions
 d - 2 potions of invisibility
 i - a potion of flight {unknown}
 l - a potion of lignification {unknown}
 n - a potion of degeneration {unknown}
 o - a potion of curing {unknown}
 q - a potion of resistance {unknown}
Comestibles
 c - 7 rations
 r - 2 chunks of flesh


   Skills:
 - Level 4.0 Fighting
 + Level 5.6 Maces & Flails
 - Level 2.6 Dodging


You had 4 spell levels left.
You didn't know any spells.
Your spell library was empty.

Dungeon Overview and Level Annotations

Branches:
Dungeon (3/15)

Altars:
Dithmenos
Trog
Wu Jian

Annotations:
D:3 Necrophagist's ghost, amateur OpWz


Innate Abilities, Weirdness & Mutations

You are too large for most types of armour.
You have tough skin. (AC +1)


Message History

The floor.
You barely miss the kobold. The kobold barely misses you.
The kobold closely misses you. The kobold barely misses you.
You barely miss the kobold.
You feel sick.
The kobold hits you with a dagger of distortion.
Space bends around you. The kobold hits you but does no damage.
The kobold hits you with a dagger of distortion.
You feel strangely unstable. The kobold hits you but does no damage.
You blink.
Huge Dmg: -18%(-10hp) hp: 47%(25hp)
You feel the effects of Trog's Hand fading.
The kobold shoots a poisoned needle.
The poisoned needle closely misses you.
You closely miss the kobold. The kobold completely misses you.
Necrophagist's ghost misses you.
You hit the kobold but do no damage.
The kobold hits you with a dagger of electrocution.
You are electrocuted!
* * * LOW HITPOINT WARNING * * *
Necrophagist's ghost stares at you and mumbles some strange words.
The magic dart hits you!
You die...

#.#. #... ###################..
##%?.##..........##...
##.....##.........##... ######
#.#...#.#.............. .....#
#⌠.#.#.⌠#.........###.. .....#
#.#.KK#(#.........'.... .....#
###..KK@##.........####.
.....#####.##KKW##..........# #.
.....#........K(K........(..# #.
.....#.......K..............# ##
.....#......................#####
######...).....(.......).........
# #....###############.####### #
#....# #.# # #....# #.######


You could see Necrophagist's ghost and 9 kobolds.

Vanquished Creatures
  A worker ant (D:3)
  4 gnolls (D:3)
  6 adders
  A worm (D:2)
  3 dart slugs (D:1)
  A leopard gecko (D:3)
  An orc (D:3)
  4 giant cockroaches
  10 hobgoblins
  2 jackals (D:3)
  A ball python (D:3)
  10 bats
  4 frilled lizards
  2 goblins
  8 kobolds
  4 rats
62 creatures vanquished.

Notes
Turn   | Place    | Note
-------+----------+-------------------------------------------
     0 | D:1      | Lexodia the Ogre Berserker began the quest for the Orb.
     0 | D:1      | Reached XP level 1. HP: 24/24 MP: 1/1
    33 | D:1      | Huge Dmg: 6 dmg
    42 | D:1      | Huge Dmg: 3 dmg
    42 | D:1      | Reached skill level 3 in Maces & Flails
    47 | D:1      | Huge Dmg: 3 dmg
    48 | D:1      | Huge Dmg: 2 dmg
    48 | D:1      | Reached XP level 2. HP: 8/32 MP: 2/2
   497 | D:1      | Huge Dmg: 6 dmg
   547 | D:1      | Reached XP level 3. HP: 31/39 MP: 3/3
  1053 | D:2      | Huge Dmg: 10 dmg
  1077 | D:2      | Found a shadowy altar of Dithmenos.
  1153 | D:2      | Reached skill level 4 in Maces & Flails
  1277 | D:2      | Found a faded altar of an unknown god.
  1285 | D:2      | Huge Dmg: 8 dmg
  1562 | D:2      | Found a bloodstained altar of Trog.
  1793 | D:3      | Found a runed gate.
  1793 | D:3      | Found a runed gate.
  1795 | D:3      | Noticed Necrophagist's ghost (amateur OpWz)
  1798 | D:3      | Found a runed gate.
  1924 | D:3      | Reached ** piety under Trog
  1968 | D:3      | Reached XP level 4. HP: 32/48 MP: 4/4
  2178 | D:3      | Huge Dmg: 13 dmg
  2180 | D:3      | Reached skill level 5 in Maces & Flails
  2182 | D:3      | Reached XP level 5. HP: 54/54 MP: 5/5
  2187 | D:3      | Huge Dmg: 19 dmg
  2362 | D:3      | Huge Dmg: 1 dmg
  2365 | D:3      | Huge Dmg: 1 dmg
  2372 | D:3      | HP: 2/54 [poisoned by an adder]
  2373 | D:3      | Huge Dmg: 1 dmg
  2377 | D:3      | Huge Dmg: 1 dmg
  2733 | D:3      | Found an ornate altar of the Wu Jian Council.
  3245 | D:3      | Huge Dmg: 13 dmg
  3252 | D:3      | Huge Dmg: 10 dmg
  3254 | D:3      | Killed from afar by Necrophagist's ghost

Vault maps used:
D:1:      ebering_trefoil_twist
D:2:      grunt_dithmenos_smoke, bloody_trog, chequers_ecumenical_altar_island
D:3:      nicolae_overflow_crystal_walls, gammafunk_ghost_nasty_kobolds,
          roderic_serpentine_path

Skill      XL: |  1  2  3  4 |
---------------+-------------+-----
Maces & Flails | 3 4 5 |  5.6
Fighting       | |  4.0
Dodging        | |  2.6

Action                   |  1- 3 |  4- 6 || total
-------------------------+-------+-------++-------
Melee: Mace              |    64 |       ||    64
       Whip              |   101 |    20 ||   121
       Flail             |       |    65 ||    65
Invok: Berserk           |     1 |     1 ||     2
       Trog's Hand       |       |     1 ||     1
  Use: Potion            |       |     1 ||     1
  Eat: Chunk             |     4 |     5 ||     9
Armor: Animal skin       |    39 |    31 ||    70
Dodge: Dodged            |    92 |    54 ||   146

Table legend:
 A = Spawn XP
 B = Non-spawn XP
 C = Spawn XP percentage of total XP
 D = Spawn monster count
 E = Non-spawn monster count
 F = Spawn count percentage of total count
 G = Total turns spent on level
                    A         B        C        D         E        F      G
               +---------+---------+-------+---------+---------+-------+---------
         Total |       0 |     262 |   0.0 |       0 |      62 |   0.0 |  3254
               +---------+---------+-------+---------+---------+-------+---------
           D:1 |       0 |      44 |   0.0 |       0 |      25 |   0.0 |  1004
           D:2 |       0 |      24 |   0.0 |       0 |       6 |   0.0 |   766
           D:3 |       0 |     194 |   0.0 |       0 |      31 |   0.0 |  1484
               +---------+---------+-------+---------+---------+-------+---------
